 Dungeon Crawl Stone Soup version 0.30-a0-859-gf88a04b62d (webtiles) character file.

Game seed: 18114638692175346455

107 Dittersdorf the Shield-Bearer (level 4, -1/29 HPs)
             Began as a Gargoyle Fighter on Mar 6, 2023.
             Slain by a gnoll
             ... wielding a +0 spear
              (4 damage)
             ... on level 2 of the Dungeon.
             The game lasted 00:01:21 (1220 turns).

Dittersdorf the Shield-Bearer (Gargoyle Fighter)    Turns: 1220, Time: 00:01:22

Health: -1/29      AC: 14    Str: 22    XL:     4   Next: 85%
Magic:  4/4        EV:  7    Int:  8    God:
Gold:   64         SH:  4    Dex:  9    Spells: 3/3 levels left

rFire   . . .      SeeInvis .    a - +0 flail
rCold   . . .      Faith    .    c - +0 buckler
rNeg    + . .      Spirit   .    k - +0 chain mail
rPois   ∞          Reflect  .    m - +0 helmet
rElec   +          Rampage  .    (no cloak)
rCorr   .                        (no gloves)
Will    .....                    (no boots) Stlth
                                 (no amulet)
HPRegen 0.24/turn                (no ring)
MPRegen 0.09/turn                (no ring)

@: no status effects
A: sickness immunity, AC +3, negative energy resistance 1, electricity
resistance, torment resistance 1, petrification resistance
a: no special abilities


You were on level 2 of the Dungeon.
You visited 1 branch of the dungeon, and saw 2 of its levels.

You collected 64 gold pieces.

Inventory:

Hand Weapons
 a - a +0 flail (weapon)
Armour
 c - a +0 buckler (worn)
 k - a +0 chain mail (worn)
 m - a +0 helmet (worn)
Scrolls
 b - a scroll of identify {unknown}
 f - a scroll of amnesia {unknown}
 g - a scroll of butterflies {unknown}
 i - a scroll of blinking {unknown}
 n - a scroll of teleportation {unknown}
Potions
 d - a potion of might
 e - a potion of brilliance {unknown}
 h - 2 potions of heal wounds {unknown}
 j - a potion of mutation {unknown}
 l - a potion of degeneration {unknown}


   Skills:
 + Level 4.1 Fighting
 + Level 2.9 Maces & Flails
 + Level 4.1 Armour
 + Level 4.1 Shields


You had 3 spell levels left.
You didn't know any spells.
Your spell library was empty.

Dungeon Overview and Level Annotations

Branches:
Dungeon (2/15)

Altars:
Vehumet

Annotations:
D:2 1 runed translucent door, Crazy Yiuf


Innate Abilities, Weirdness & Mutations

You are immune to sickness and miasma.
Your stone body is resilient. (AC +3)
You are immune to poison.
You resist negative energy. (rN+)
You are resistant to electric shocks. (rElec)
You are resistant to unholy torment.
You are immune to petrification.


Message History

You are too injured to fight recklessly!
You are too injured to fight recklessly!
You are too injured to fight recklessly!
You are too injured to fight recklessly!
You are too injured to fight recklessly!
You are too injured to fight recklessly!
You are too injured to fight recklessly!
You are too injured to fight recklessly!
You are too injured to fight recklessly!
You are too injured to fight recklessly!
You are too injured to fight recklessly!
You hit the dart slug.
You kill the dart slug!
The gnoll hits you but does no damage. The gnoll hits you but does no damage.
Things that are here:
an adder corpse; a rat corpse You barely miss the gnoll.
You block the gnoll's attack. The gnoll hits you but does no damage.
You closely miss the gnoll. The gnoll hits you with a +0 spear.
* * * LOW HITPOINT WARNING * * *
You sock the gnoll!
The gnoll is heavily wounded.
The gnoll hits you with a +0 spear!
* * * LOW HITPOINT WARNING * * *
You hit the gnoll.
The gnoll is severely wounded.
The gnoll hits you but does no damage. The gnoll barely misses you.
You hit the gnoll.
The gnoll is almost dead.
The gnoll hits you but does no damage.
A hobgoblin comes into view.
The hobgoblin shouts!
You hit the gnoll.
The gnoll is almost dead.
The gnoll hits you but does no damage.
You barely miss the gnoll.
The gnoll is almost dead.
The gnoll hits you with a +0 spear.
You die...

#.....'..###.# .#
.###....(##.####. ..#
..#########...### ...#
#.#.. ###.### #..$.
#g#. #####...# ##).$#
#.. ...........
#..?..##.# #########.#
#..g#.########.......
#..@...............#
##..#..............#
.....#..............#
##+#<##..............#
#. #####..........#
#........#####..(.#
########.# #....# ###
####.# #.#


You could see a gnoll and a hobgoblin.

Vanquished Creatures
  Robin (D:2)
  3 adders (D:2)
  5 dart slugs
  6 ball pythons
  4 endoplasms
  2 giant cockroaches (D:1)
  11 goblins
  5 hobgoblins
  5 jackals (D:1)
  2 bats
  3 frilled lizards
  7 kobolds
  3 rats
57 creatures vanquished.

Vanquished Creatures (others)
  3 plants (D:1)
3 creatures vanquished.

Grand Total: 60 creatures vanquished

Notes
Turn   | Place    | Note
-------+----------+-------------------------------------------
     0 | D:1      | Dittersdorf the Gargoyle Fighter began the quest for the
                  | Orb.
     0 | D:1      | Reached XP level 1. HP: 14/14 MP: 1/1
    40 | D:1      | Reached XP level 2. HP: 18/19 MP: 2/2
   296 | D:1      | Reached XP level 3. HP: 18/23 MP: 3/3
   653 | D:2      | Found a radiant altar of Vehumet.
   767 | D:2      | Found a runed translucent door.
   768 | D:2      | Noticed Crazy Yiuf
   893 | D:2      | Reached XP level 4. HP: 29/29 MP: 4/4
   900 | D:2      | Noticed Robin
   913 | D:2      | Killed Robin
  1220 | D:2      | Slain by a gnoll

Illustrated notes

Levels and vault maps discovered:
D:1:      tarquinn_simple_flora_water_b, layout_basic
D:2:      minmay_inner_zag, layout_basic, basic_altar, grunt_ministairs_9,
          minmay_circle_x, uniq_robin, uniq_crazy_yiuf_cottage

Skill      XL: |  1  2  3  4 |
---------------+-------------+-----
Armour         | 4 |  4.1
Shields        | 4 |  4.1
Fighting       | 4 |  4.1
Maces & Flails | |  2.9

Action                     |  1- 3 |  4- 6 || total
---------------------------+-------+-------++-------
  Melee: Flail             |   123 |    53 ||   176
 Armour: Scale mail        |    56 |       ||    56
         Chain mail        |    31 |    39 ||    70
  Dodge: Dodged            |    59 |    13 ||    72
  Block: Buckler           |    18 |    14 ||    32

Table legend: (Time is in decaauts)
 A = Elapsed time spent in this place.
 B = Non-inter-level travel time spent in this place.
 C = Inter-level travel time spent in this place.
 D = Time resting spent in this place.
 E = Time spent auto-exploring this place.
 F = Levels seen in this place.
 G = Mean time per level.
                   A        B        C        D        E       F      G
               +--------+--------+--------+--------+--------+-----+--------+
         Total |   1274 |   1249 |     25 |      0 |    877 |   2 |  637.0 |
       Dungeon |   1274 |   1249 |     25 |      0 |    877 |   2 |  637.0 |
               +--------+--------+--------+--------+--------+-----+--------+

Top non-repeatable levels by time:
     D:1: 681 daAuts
     D:2: 593 daAuts
